AoeStats
← Ronny

Arena

510382734Analyzed
3v3 RM · 1d ago on Sep 30, 2026· 30m 23s· 6 players
Game mode
Random Map
Map size
Normal (6 player)
Population
200
Speed
Normal
Resources
Standard
Victory
Conquest
Starting age
Dark Age
Ending age
Imperial Age
RankedLock teamsTeams togetherTeam positionsShared explorationLock speedFull tech treeHidden civsTurbo modeCheats
Victory
Defeat
🇪🇸 Cumans · Spain
1239
+14
🇪🇸 Turks · Spain
1196
+16
🇨🇴 Goths · Colombia
1100
+20
🇦🇷 Huns · Argentina
1198
-17
🇦🇷 Saxons · Argentina
1189
-17
🇦🇷 Japanese · Argentina
1186
-16
jaiderreyes4
11:00 Feudal Age
12:43 Double-Bit Axe
15:05 Castle Age
13:15 Horse Collar
17:13 Bow Saw
17:42 Wheelbarrow
23:00 Hand Cart
22:52 Heavy Plow
22:44 Loom
23:31 Gold Mining
23:32 Stone Mining
25:50 Pikeman
26:43 Forging
26:33 Scale Mail Armor
29:13 Iron Casting
28:53 Chain Mail Armor
33:01 Imperial Age
Ronny
9:49 Feudal Age
11:04 Man-at-Arms
20:34 Double-Bit Axe
23:37 Wheelbarrow
27:39 Castle Age
26:15 Horse Collar
27:04 Forging
27:58 Scale Mail Armor
28:00 Pikeman
CanarioAOE
11:17 Feudal Age
12:00 Loom
16:08 Castle Age
14:59 Fletching
15:35 Horse Collar
15:41 Double-Bit Axe
20:06 Gold Mining
30:05 Scale Barding Armor
30:34 Bloodlines
Bum SEkss
10:09 Feudal Age
11:05 Loom
14:07 Castle Age
12:59 Double-Bit Axe
13:12 Stone Mining
13:51 Fletching
16:52 Bodkin Arrow
19:55 Horse Collar
25:04 Scale Mail Armor
30:23 Gold Mining
DCOPN
6:45 Loom
6:55 Loom
11:03 Feudal Age
15:08 Castle Age
14:19 Double-Bit Axe
14:26 Gold Mining
14:22 Horse Collar
15:09 Town Watch
17:58 Scale Barding Armor
21:33 Chain Barding Armor
25:30 Forging
Yonag
10:05 Feudal Age
13:59 Castle Age
Connection lost

Rejoining the realm…

Still unreachable

The connection could not be restored.

Session expired

The server has moved on; the page needs a fresh start.